 Dungeon Crawl Stone Soup version 0.17-a0-915-g8914353 (webtiles) character file.

30 nubinia the Caller (level 3, 11/19 HPs)
             Began as a Tengu Summoner on May 4, 2015.
             Quit the game on level 2 of the Dungeon.
             The game lasted 00:04:48 (683 turns).

nubinia the Caller (Tengu Summoner)                  Turns: 683, Time: 00:04:48

Health: 11/19      AC:  2    Str:  8    XL:     3   Next: 20%
Magic:  7/7        EV: 13    Int: 16    God:
Gold:   85         SH:  0    Dex: 14    Spells: 2 memorised, 2 levels left

rFire  . . .     SeeInvis .     d - +2 whip (drain)
rCold  . . .     Clarity  .     a - +0 robe
rNeg   . . .     SustAb   .     (no shield)
rPois  .         Gourm    .     (helmet restricted)
rElec  .         Spirit   .     (no cloak)
rCorr  .         Warding  .     (no gloves)
rMut   .         Stasis   +     (boots unavailable)
MR     .....                    f - amulet of stasis
Stlth  ++........               (no ring)
                                (no ring)

@: lethally poisoned (11 -> -1), not resistant to hostile enchantments,
unstealthy
A: beak, talons 3
a: no special abilities


You were on level 2 of the Dungeon.
You were not hungry.

You visited 1 branch of the dungeon, and saw 2 of its levels.

You collected 85 gold pieces.

Inventory:

Hand weapons
 d - a +2 whip of draining (weapon)
 g - a +0 dagger of venom
Armour
 a - a +0 robe (worn)
Jewellery
 f - an amulet of stasis (around neck)
Scrolls
 i - 2 scrolls of identify
Potions
 e - a potion of flight
Books
 b - a book of Callings

   Spells                             Type                      Level
   a - Summon Small Mammal            Summoning                    1
   b - Call Imp                       Summoning                    2
   c - Call Canine Familiar           Summoning                    3
   d - Summon Guardian Golem          Hexes/Summoning              3
   e - Summon Lightning Spire         Summoning/Air                4
   f - Summon Ice Beast               Ice/Summoning                4
Comestibles
 c - a bread ration
 h - a chunk of flesh


   Skills:
 + Level 2.4 Dodging
 + Level 2.1 Stealth
 + Level 2.3 Spellcasting
 + Level 5.5 Summonings


You had 2 spell levels left.
You knew the following spells:

 Your Spells              Type           Power        Failure   Level  Hunger
a - Summon Small Mammal   Summ           ###.         1%          1    #......
b - Call Canine Familiar  Summ           ###.....     8%          3    ###....


Dungeon Overview and Level Annotations

Branches:
Dungeon (2/15)

Altars:

Annotations:
D:2 Jessica


Innate Abilities, Weirdness & Mutations

You have a beak for a mouth.
You have claws for feet.


Message History

You feel sick. The goblin hits you but does no damage.
You are lethally poisoned!
You closely miss the goblin. You claw the goblin, but do no damage.
You feel sick. The goblin closely misses you.
You hit the goblin.
You kill the goblin!
You feel sick.
Drink which item? (? for menu, Esc to quit)
Okay, then.
You feel sick.
You see here a dagger of venom.
g - a dagger of venom You feel sick.
There is a lethal amount of poison in your body!
Jessica the Apprentice Sorceress comes into view.
She is wielding a dagger.
You feel sick.
Jessica shouts!
A giant gecko comes into view.
A rat comes into view.
Are you sure you want to abandon this character and quit the game? (Confirm with "yes".)

........##
.#........##
...........#
...........###
#.............#
#...........#
##.....†....#
#.........##
#......@...#####..##
.............<......#
l.@....%.......###...
...............#
r...............#
.....?...###.#...
......... .#####
......... .# .... #.


You could see Jessica, a giant gecko (wandering) and a rat (wandering).

Vanquished Creatures
  An ooze (D:1)
  A giant gecko (D:1)
  A goblin (D:2)
  2 hobgoblins (D:1)
  2 kobolds (D:1)
  3 giant newts
  2 rats
12 creatures vanquished.

Vanquished Creatures (collateral kills)
  A gnoll (D:1)
  A giant gecko (D:1)
  A ball python (D:1)
  A giant cockroach (D:1)
  A goblin (D:1)
  2 hobgoblins (D:1)
  A kobold (D:1)
  2 giant newts (D:1)
  2 rats (D:1)
12 creatures vanquished.

Vanquished Creatures (others)
  A quokka (D:1)
1 creature vanquished.

Grand Total: 25 creatures vanquished

Notes
Turn   | Place    | Note
--------------------------------------------------------------
     0 | D:1      | nubinia, the Tengu Summoner, began the quest for the Orb.
     0 | D:1      | Reached XP level 1. HP: 10/10 MP: 4/4
    33 | D:1      | Reached skill level 5 in Summonings
    35 | D:1      | Reached XP level 2. HP: 15/15 MP: 4/6
   470 | D:1      | Reached XP level 3. HP: 19/19 MP: 4/7
   475 | D:1      | Learned a level 3 spell: Call Canine Familiar
   681 | D:2      | Noticed Jessica
   683 | D:2      | Quit the game

Action                   || total
-------------------------++-------
Melee: Whip              ||    25
       Unarmed           ||     3
 Cast: Summon Small Mamm ||    21
  Use: Scroll            ||     4
